 Dungeon Crawl Stone Soup version 0.32-a0-765-gfba4d74c8c (webtiles) character file.

Game seed: 10230173420448566369

50 GeoRichter the Slasher (level 3, -1/27 HPs)
             Began as a Coglin Warper on Mar 18, 2024.
             Slain by Terence
             ... wielding a +0 falchion
              (2 damage)
             ... on level 2 of the Dungeon.
             The game lasted 00:01:45 (807 turns).

GeoRichter the Slasher (Coglin Warper)               Turns: 807, Time: 00:01:45

Health: -1/27      AC:  3    Str: 11    XL:     3   Next: 79%
Magic:  5/5        EV: 10    Int: 12    God:
Gold:   25         SH:  0    Dex: 15    Spells: 5/5 levels left

rFire   . . .        a - +0 falchion {Septima}
rCold   . . .        e - +0 dagger {Chiraphon}
rNeg    . . .        b - +0 leather armour
rPois   .            (no helmet)
rElec   .            (no cloak)
rCorr   .            (no gloves)
SInv    .            (no boots)
Will    .....        (amulet unavailable)
Stlth   +            (ring unavailable)
HPRegen 0.24/turn    (ring unavailable)
MPRegen 0.09/turn    (no gizmo)

%: no passive effects
@: revved
A: off-hand wielding, slow wielding, warmup strikes, no jewellery
a: Invent Gizmo


You were on level 2 of the Dungeon.
You visited 1 branch of the dungeon, and saw 2 of its levels.

You collected 25 gold pieces.

Inventory:

Hand Weapons
 a - a +0 falchion (weapon) {Septima}
 e - a +0 dagger (offhand) {Chiraphon}
Missiles
 d - 7 darts of dispersal (quivered) {!f}
Armour
 b - a +0 leather armour (worn)
Scrolls
 c - a scroll of blinking
 g - a scroll of amnesia {unknown}
 i - a scroll of poison {!r}
 j - a scroll of identify {unknown}
 l - 2 scrolls of teleportation {@r4}
Potions
 f - 2 potions of heal wounds {unknown}
 h - 2 potions of ambrosia {unknown}
 k - a potion of curing {unknown}
 m - a potion of lignification {unknown}


   Skills:
 - Level 2.0 Fighting
 * Level 4.0 Long Blades
 - Level 0.8 Throwing
 - Level 0.8 Armour
 - Level 1.7 Dodging
 - Level 1.7 Spellcasting
 - Level 3.0 Translocations


You had 5 spell levels left.
You didn't know any spells.
Your spell library contained the following spells:

 Spells                   Type           Power      Damage    Failure   Level
 Blink                    Tloc           16%        N/A       16%         2
 Lesser Beckoning         Tloc           16%        N/A       16%         2
 Momentum Strike          Conj/Tloc      8%         3d8       30%         2
 Teleport Other           Tloc           8%         N/A       32%         3
 Manifold Assault         Tloc           8%         N/A       71%         4
 Vhi's Electric Charge    Tloc/Air       8%         N/A       89%         4


Dungeon Overview and Level Annotations

Branches:
Dungeon (2/15) Zot: 11190

Altars:

Shops:
D:1 (

Annotations:
D:2 Terence


Innate Abilities, Weirdness & Mutations

You can wield a second weapon in your off-hand.
It takes a long time for you to wield or remove held weapons.
Your first few attacks do less damage.
You cannot equip rings or amulets.


Message History

You hit Terence with your +0 falchion.
Terence is moderately wounded.
You hit Terence but do no damage. Terence hits you but does no damage.
You hit Terence but do no damage.
Terence is moderately wounded.
You hit Terence but do no damage. Terence hits you but does no damage.
You hit Terence with your +0 dagger.
Terence is heavily wounded.
You barely miss Terence with your +0 falchion.
Terence misses you.
You closely miss Terence with your +0 falchion.
Terence is heavily wounded.
You hit Terence but do no damage. Terence completely misses you.
You barely miss Terence with your +0 dagger.
Terence is heavily wounded.
You completely miss Terence with your +0 falchion.
Terence hits you with a +0 falchion.
* * * LOW HITPOINT WARNING * * *
You closely miss Terence with your +0 dagger.
Terence is heavily wounded.
You hit Terence but do no damage. Terence barely misses you.
You hit Terence but do no damage.
Terence is heavily wounded.
You hit Terence but do no damage. Terence hits you with a +0 falchion.
* * * LOW HITPOINT WARNING * * *
You hit Terence but do no damage.
Terence is heavily wounded.
You hit Terence but do no damage. Terence barely misses you.
You hit Terence but do no damage.
Terence is heavily wounded.
You closely miss Terence with your +0 dagger.
Terence hits you with a +0 falchion.
* * * LOW HITPOINT WARNING * * *
You barely miss Terence with your +0 dagger.
Terence is heavily wounded.
You slash Terence with your +0 falchion!
Terence completely misses you.
You hit Terence but do no damage.
Terence is almost dead.
You barely miss Terence with your +0 falchion.
Terence hits you with a +0 falchion.
* * * LOW HITPOINT WARNING * * *
You hit Terence but do no damage.
Terence is almost dead.
You hit Terence but do no damage. Terence barely misses you.
You barely miss Terence with your +0 falchion.
Terence is almost dead.
You hit Terence but do no damage. Terence hits you with a +0 falchion.
You die...
Terence says, "Time to find some more victims."

#...# #........
#...####.......#
#...##.........##
#................
#...##...........
#...###.........
#...# ##......#.
#...####.#...#..#
#.....@@.......#
#...####..######
......#...###.#######
...##...#.#
#.......#. .. ##....#
##........ #
#....####......##
#........<.....#
.....#.#.........
#....#.#.......##


You could see Terence.

Vanquished Creatures
  A gnoll (D:1)
  4 dart slugs (D:1)
  An endoplasm (D:1)
  2 giant cockroaches (D:1)
  3 goblins (D:1)
  2 hobgoblins (D:1)
  5 quokkas (D:1)
  3 ball pythons (D:1)
  3 bats (D:1)
  A frilled lizard (D:1)
  4 kobolds (D:1)
  2 rats (D:1)
31 creatures vanquished.

Notes
Turn   | Place    | Note
-------+----------+-------------------------------------------
     0 | D:1      | GeoRichter the Coglin Warper began the quest for the Orb.
     0 | D:1      | Reached XP level 1. HP: 16/16 MP: 3/3
   101 | D:1      | Reached skill level 3 in Long Blades
   101 | D:1      | Reached XP level 2. HP: 11/22 MP: 4/4
   247 | D:1      | Reached XP level 3. HP: 21/27 MP: 5/5
   492 | D:1      | Found a faded altar of an unknown god.
   532 | D:1      | Found Dywuhoz's Antique Weapon Boutique.
   647 | D:1      | Reached skill level 4 in Long Blades
   783 | D:2      | Noticed Terence
   805 | D:2      | HP: 1/27 [Terence/+0 falchion (6)]
   807 | D:2      | Slain by Terence

Illustrated notes

Levels and vault maps discovered:
D:1:      noname_arrival_rooms_in_the_neighbourhood, layout_basic, serial_shops,
          shop, hellmonk_ecumenical_altar_zigzags
D:2:      minmay_angry_zag, layout_rooms, uniq_terence

Skill      XL: |  1  2  3 |
---------------+----------+-----
Long Blades    | 3 4 |  4.0
Fighting       | |  2.0
Throwing       | |  0.8
Armour         | |  0.8
Dodging        | |  1.7
Spellcasting   | |  1.7
Translocations | |  3.0

Action                     || total
---------------------------++-------
  Melee: Falchion          ||    86
         Dagger            ||    78
    Use: Scroll            ||     2
 Armour: Leather armour    ||    54
  Dodge: Dodged            ||    53

Table legend: (Time is in decaauts)
 A = Elapsed time spent in this place.
 B = Non-inter-level travel time spent in this place.
 C = Inter-level travel time spent in this place.
 D = Time resting spent in this place.
 E = Time spent auto-exploring this place.
 F = Levels seen in this place.
 G = Mean time per level.
                   A        B        C        D        E       F      G
               +--------+--------+--------+--------+--------+-----+--------+
         Total |    808 |    788 |     20 |      3 |    536 |   2 |  404.0 |
       Dungeon |    808 |    788 |     20 |      3 |    536 |   2 |  404.0 |
               +--------+--------+--------+--------+--------+-----+--------+

Top non-repeatable levels by time:
     D:1: 758 daAuts
     D:2: 49 daAuts
